 Dungeon Crawl Stone Soup version 0.14-a0-1707-g75daffb (webtiles) character file.

392 PolkaDot the Vexing (level 5, -3/57 HPs)
             Began as a Vampire Enchanter on Dec 31, 2013.
             Slain by an ogre
             ... wielding a +0,+0 giant club
              (8 damage)
             ... on Level 4 of the Dungeon.
             The game lasted 00:11:20 (2861 turns).

PolkaDot the Vexing (Vampire Enchanter)             Turns: 2861, Time: 00:11:20

HP  -3/57        AC 27     Str  7      XL: 5   Next: 97%
MP   9/9         EV  1     Int 17      God:
Gold 129         SH  0     Dex 15      Spells:  1 memorised,  7 levels left

rFire  . . .     SeeInvis +     i - +2 dagger (protect)
rCold  . . .     Clarity  .     b - melded +1 robe
rNeg   + + +     Conserve .     (no shield)
rPois  +         rCorr    .     (no helmet)
rElec  .         rRot     .     l - melded +0 orc cloak
SustAb . .       Spirit   .     (gloves currently unavailable)
rMut   .         Warding  .     (boots currently unavailable)
Saprov . . .     NoTele   +     (no amulet)
                                (no ring)
                                h - ring of poison resistance

@: tree-form, slightly resistant to hostile enchantments, very stealthy
A: (fangs 0), see invisible, (unbreathing)
a: Bat Form


You were on level 4 of the Dungeon.
You were not thirsty.
You were an animated tree.
You visited 1 branch of the dungeon, and saw 4 of its levels.

You collected 129 gold pieces.

Inventory:

Hand weapons
 i - a +2,+2 dagger of protection (weapon)
 q - a +0,+2 dagger of venom
 r - a +2,+2 dagger of holy wrath
Missiles
 d - 11 darts (quivered)
 v - a throwing net [frayed]
Armour
 b - a +1 robe (melded)
 l - a +0 orcish cloak (melded)
Magical devices
 o - a wand of frost (6)
Scrolls
 a - a scroll of fear {unknown}
 f - 2 scrolls of teleportation {unknown}
 g - 3 scrolls of curse weapon {unknown}
 j - 2 scrolls of random uselessness {unknown}
 k - a scroll of immolation {unknown}
 m - 4 scrolls of identify
 n - a scroll of enchant weapon II {unknown}
 s - a scroll of remove curse {unknown}
 u - a scroll of curse armour {unknown}
Jewellery
 h - a ring of poison resistance (left branch)
Potions
 p - a potion of resistance
Books
 c - a book of Maledictions

   Spells                             Type                      Level
   *Corona                            Hexes                        1
   Sure Blade                         Hexes/Charms                 2
   Ensorcelled Hibernation            Hexes/Ice                    2
   Confuse                            Hexes                        3
   Enslavement                        Hexes                        4
   Invisibility                       Hexes                        6


   Skills:
 - Level 1.6 Fighting
 - Level 2.0 Short Blades
 - Level 0.7 Throwing
 - Level 2.1 Dodging
 + Level 5.6 Stealth
 - Level 2.0 Spellcasting
 * Level 7.6 Hexes


You had 7 spell levels left.
You knew the following spells:

 Your Spells              Type           Power        Failure   Level  Hunger
a - Corona                Hex            ####...      1%          1    N/A

Dungeon Overview and Level Annotations

Branches:
Dungeon (4/16)
 Temple: D:4-7

Altars:


Innate Abilities, Weirdness & Mutations

((You have razor-sharp teeth.))*
You have supernaturally acute eyesight.
((You can survive without breathing.))*


Message History

Your +1 robe melds into your body.
Your roots penetrate the ground.
The ogre hits you but does no damage.
You hit the ogre.
The ogre is lightly wounded.
You barely miss the ogre.
The ogre is lightly wounded.
The ogre hits you with a giant club.
You hit the ogre but do no damage.
The ogre is lightly wounded.
The ogre hits you with a giant club!
* * * LOW HITPOINT WARNING * * *
You hit the ogre.
The ogre is lightly wounded.
You barely miss the ogre.
The ogre is lightly wounded.
The ogre hits you but does no damage.
You hit the ogre.
The ogre is moderately wounded.
The ogre hits you with a giant club!
You die...

... #..#.#.#....# #.##... ....
#.##.#.#....# ##.#...%
.....##......#....####..#.%..
..........p...#.#####....#....
.......)......#.# #...%.##...
##.......##.#l#.# #....%#####
#.......##.#r#.# #..........
####....##.#O#.####..........
#.#.....#♣#..........#####
....######.....######.#####
...........................
..[#######....####........ ...
############........ #.#
#........[.#........ #.#
#..........#........ #.#
##..........#........ #.#
#...........#........


You could see an ogre, a giant newt and a rat.

Vanquished Creatures
  2 scorpions (D:4)
  A worker ant (D:4)
  Ijyb (D:3)
  5 gnolls
  A giant mite (D:4)
  3 adders
  2 worms
  An ooze (D:2)
  5 orcs (D:3)
  3 giant cockroaches
  10 goblins
  6 hobgoblins
  9 jackals
  A quokka (D:2)
  A ball python (D:1)
  9 bats
  2 giant geckos
  A giant gecko skeleton (D:4)
  4 giant newts
  A giant newt skeleton (D:4)
  3 kobolds
  9 rats
80 creatures vanquished.

Notes
Turn   | Place    | Note
--------------------------------------------------------------
     0 | D:1      | PolkaDot, the Vampire Enchanter, began the quest for the Orb.
     0 | D:1      | Reached XP level 1. HP: 13/13 MP: 3/3
   124 | D:1      | Reached skill level 1 in Fighting
   124 | D:1      | Reached XP level 2. HP: 15/21 MP: 2/4
   771 | D:2      | Reached XP level 3. HP: 23/26 MP: 6/6
   896 | D:2      | Reached skill level 5 in Hexes
  1457 | D:3      | Noticed Ijyb
  1527 | D:3      | Killed Ijyb
  1527 | D:3      | Reached XP level 4. HP: 22/33 MP: 4/7
  1859 | D:3      | Reached skill level 6 in Hexes
  2224 | D:4      | Reached XP level 5. HP: 19/38 MP: 9/9
  2510 | D:4      | Reached skill level 5 in Stealth
  2530 | D:4      | Reached skill level 7 in Hexes
  2835 | D:4      | Noticed an ogre
  2838 | D:4      | Noticed a phantom
  2861 | D:4      | Slain by an ogre

Action                   |  1- 3 |  4- 6 || total
-------------------------+-------+-------++-------
Melee: Dagger            |   206 |   200 ||   406
Throw: Dart              |     2 |     2 ||     4
       Throwing net      |       |     1 ||     1
 Cast: Corona            |     7 |    11 ||    18
Evoke: Wand              |       |     6 ||     6
  Use: Potion            |     1 |     4 ||     5
       Scroll            |       |     2 ||     2
 Stab: Sleeping          |     3 |     4 ||     7
       Held in net/web   |       |     1 ||     1
